 Dungeon Crawl Stone Soup version 0.26.0-16-gc1dbca0489 (webtiles) character file.

Game seed: 6849273671058044874

117 thiole the Sneak (level 5, -1/31 HPs)
             Began as an Octopode Hedge Wizard on Jan 22, 2021.
             Slain by an orc
             ... wielding a +0 flail
              (9 damage)
             ... on level 2 of the Dungeon.
             The game lasted 00:04:19 (3083 turns).

thiole the Sneak (Octopode Hedge Wizard)            Turns: 3083, Time: 00:04:19

Health: -1/31      AC:  2    Str:  9    XL:     5   Next: 1%
Magic:  10/10      EV: 13    Int: 18    God:
Gold:   57         SH:  0    Dex:  9    Spells: 3/11 levels left

rFire    + . .     SeeInvis .   a - +0 dagger
rCold    + . .     Faith    .   (no shield)
rNeg     . . .     Spirit   .   b - +0 hat
rPois    +         Reflect  .   (no amulet)
rElec    +         Harm     .   (no ring)
rCorr    +         Rampage  .   (no ring)
Will     .....                  (no ring)
Stlth    ++........             (no ring)
HPRegen  0.10/turn              (no ring)
MPRegen  0.12/turn              (no ring)
                                (no ring)
                                (no ring)

@: confused, mighty, resistant
A: almost no armour, stealthy swim, amphibious, 8 rings, constrict 8, camouflage
1, clumsy 1, shaggy fur 1, gelatinous body 1, evolution 2
a: no special abilities


You were on level 2 of the Dungeon.
You visited 1 branch of the dungeon, and saw 3 of its levels.

You collected 57 gold pieces.

Inventory:

Hand Weapons
 a - a +0 dagger (weapon)
Armour
 b - a +0 hat (worn)
Scrolls
 g - a scroll of enchant armour {unknown}
 i - 2 scrolls of blinking {unknown}
 l - a scroll of random uselessness {unknown}
Potions
 h - 2 potions of attraction
 m - a potion of lignification {unknown}
 n - a potion of degeneration {unknown}


   Skills:
 - Level 2.0 Dodging
 + Level 4.8 Stealth
 + Level 3.8 Spellcasting
 - Level 2.0 Conjurations
 - Level 2.0 Summonings
 - Level 1.0 Translocations


You had 3 spell levels left.
You knew the following spells:

 Your Spells              Type           Power        Failure   Level
a - Magic Dart            Conj           40%          7%          1
b - Call Imp              Summ           10%          10%         2
c - Slow                  Hex            3%           22%         2
d - Mephitic Cloud        Conj/Pois/Air  5%           34%         3

Your spell library contained the following spells:

 Spells                   Type           Power        Failure   Level
 Blink                    Tloc           N/A          16%         2
 Conjure Flame            Conj/Fire      7%           30%         3


Dungeon Overview and Level Annotations

Branches:
Dungeon (3/15)

Altars:
Makhleb
Wu Jian


Innate Abilities, Weirdness & Mutations

You cannot wear most types of armour.
You are very stealthy in the water. (Stealth+)
You are amphibious.
You can wear up to eight rings at the same time.
You can use your tentacles to constrict eight enemies at once.
Your skin changes colour to match your surroundings (Stealth+).
Your rubbery body absorbs attacks. (AC +1, EV +1)
You are clumsy. (Dex -2)
You are covered in fur. (AC +1)
You rapidly evolve.


Message History

You feel very mighty all of a sudden.
The orc wizard casts a spell at itself.
The orc wizard flickers and vanishes!
Deactivating autopickup; reactivate with Ctrl-A.
The orc hits you with a +0 flail!
* * * LOW HITPOINT WARNING * * *
You feel better. Something hits you but does no damage.
The orc hits you but does no damage.
You feel better. Something hits you but does no damage.
The orc hits you with a +0 flail.
It was a potion of resistance.
You feel protected. Something hits you.
* * * LOW HITPOINT WARNING * * *
It was a potion of ambrosia.
You are confused.
You feel invigorated. Something hits you.
* * * LOW HITPOINT WARNING * * *
The orc hits you with a +0 flail!
You die...

.##......#...##.##.###.####.#####
.#######.....##.##.##............
.# #........##.##..####.##### .#
##....#####..........# ## .#
###........##.##.#### #. ##
##.######.##.##.### #. #...#
#.##......# #. ##
#...#####.#####.#.###### .###
#.....{@o.#####.#.#..... ...#
#####...#####.......#.#.....
.#.###...........#.#######.#.....
.#...........................†..)
.#.###...........#..##.##..#.....
.#.# #####...#####..##.....#.....
...#### #..........##.....#.....
......# #...######.......#######
.#.##.# #...# ####.####


You could see an orc.

Vanquished Creatures
  4 gnolls
  2 adders (D:2)
  5 leopard geckos
  6 giant cockroaches
  9 goblins
  6 hobgoblins
  A quokka (D:2)
  A ball python (D:2)
  7 bats
  2 frilled lizards (D:2)
  4 kobolds
  10 rats
57 creatures vanquished.

Notes
Turn   | Place    | Note
-------+----------+-------------------------------------------
     0 | D:1      | thiole the Octopode Hedge Wizard began the quest for the
                  | Orb.
     0 | D:1      | Reached XP level 1. HP: 11/11 MP: 4/4
   324 | D:1      | Reached XP level 2. HP: 17/17 MP: 3/6
   339 | D:1      | Reached skill level 3 in Stealth
  1186 | D:2      | Found a burning altar of Makhleb.
  1205 | D:2      | Reached XP level 3. HP: 21/21 MP: 4/7
  1208 | D:2      | Learned a level 2 spell: Call Imp
  1211 | D:2      | Learned a level 2 spell: Slow
  1215 | D:2      | Learned a level 3 spell: Mephitic Cloud
  1764 | D:2      | Reached XP level 4. HP: 13/27 MP: 9/9
  2011 | D:2      | Found an ornate altar of the Wu Jian Council.
  2092 | D:2      | Reached skill level 4 in Stealth
  2827 | D:2      | Gained mutation: You are clumsy. (Dex -2) [potion of
                  | mutation]
  2827 | D:2      | Gained mutation: You evolve. [potion of mutation]
  2827 | D:2      | Gained mutation: You rapidly evolve. [potion of mutation]
  2949 | D:3      | Reached XP level 5. HP: 25/31 MP: 1/10
  2953 | D:3      | Gained mutation: You are covered in fur. (AC +1)
                  | [evolution]
  3083 | D:2      | Slain by an orc

Illustrated notes

Levels and vault maps discovered:
D:1:      minmay_arrival_wavy_path, layout_basic
D:2:      layout_loops_cross, nzn_wu_jian_contemplation,
          overflow_temple_1_default, hangedman_decor_slide_cut,
          palyth_stone_intersect
D:3:      layout_rooms, lemuel_blue_sif_altar, uniq_natasha

Skill      XL: |  1  2  3  4 |
---------------+-------------+-----
Stealth        | 3 4 |  4.8
Conjurations   | 2 |  2.0
Summonings     | 2 |  2.0
Dodging        | |  2.0
Spellcasting   | |  3.8
Translocations | |  1.0

Action                   |  1- 3 |  4- 6 || total
-------------------------+-------+-------++-------
Melee: Dagger            |    42 |    22 ||    64
       Constrict         |    15 |     6 ||    21
       Tentacles         |     7 |     6 ||    13
 Cast: Magic Dart        |    67 |    46 ||   113
  Use: Scroll            |     2 |     1 ||     3
       Potion            |       |     7 ||     7
Armor: Skin              |     3 |     2 ||     5
Dodge: Dodged            |    26 |    17 ||    43
